 Dungeon Crawl Stone Soup version 0.31-a0-188-g5e087ee2ca (webtiles) character file.

Game seed: 3197602800398938026

40 qw the Shooter (level 3, -2/20 HPs)
             Began as a Deep Elf Hunter on June 23, 2023.
             Slain by Terence
             ... wielding a +0 flail
              (6 damage)
             ... on level 2 of the Dungeon.
             The game lasted 00:00:28 (613 turns).

qw the Shooter (Deep Elf Hunter)                     Turns: 613, Time: 00:00:29

Health: -2/20      AC:  3    Str: 10    XL:     3   Next: 30%
Magic:  5/5        EV: 17    Int: 13    God:
Gold:   67         SH:  0    Dex: 18    Spells: 2/2 levels left

rFire   + . .        Y - +0 shortbow
rCold   . . .        (shield currently unavailable)
rNeg    . . .        c - +0 leather armour
rPois   .            (no helmet)
rElec   .            (no cloak)
rCorr   .            (no gloves)
SInv    .            (no boots)
Will    .....        (no amulet)
Stlth   ++           e - ring of protection from fire
HPRegen 0.23/turn    i - +5 ring of evasion
MPRegen 0.09/turn

%: no passive effects
@: no status effects
A: no striking features
a: no special abilities


You were on level 2 of the Dungeon.
You visited 1 branch of the dungeon, and saw 2 of its levels.

You collected 67 gold pieces.


   Skills:
 - Level 1.5 Fighting
 + Level 6.9 Ranged Weapons
 - Level 2.4 Dodging
 - Level 1.2 Stealth


You had 2 spell levels left.
You didn't know any spells.
Your spell library was empty.

Inventory:

Hand Weapons
 Y - a +0 shortbow (weapon)
Armour
 c - a +0 leather armour (worn)
Jewellery
 e - a ring of protection from fire (left hand)
 i - a +5 ring of evasion (right hand)
Scrolls
 a - 2 scrolls of identify
Potions
 d - a potion of berserk rage {unknown}
 f - a potion of mutation {unknown}
 h - a potion of degeneration {unknown}
 k - a potion of magic {unknown}

Dungeon Overview and Level Annotations

Branches:
Dungeon (2/15)

Altars:

Shops:
D:1 *?!((

Annotations:
D:2 Terence


Message History

You shoot an arrow. The arrow hits Terence.
Terence is severely wounded.
Terence barely misses you.
You shoot an arrow.
The arrow hits Terence but does no damage.
Terence is severely wounded.
Terence misses you.
You shoot an arrow.
The arrow hits Terence but does no damage.
Terence is heavily wounded.
Terence barely misses you.
You shoot an arrow.
The arrow hits Terence but does no damage.
Terence is heavily wounded.
Terence barely misses you.
You shoot an arrow. The arrow barely misses Terence.
Terence hits you with a +0 flail.
You shoot an arrow.
The arrow hits Terence but does no damage.
Terence is heavily wounded.
Terence hits you with a +0 flail.
You shoot an arrow. The arrow hits Terence.
Terence is severely wounded.
Terence closely misses you.
You shoot an arrow.
The arrow hits Terence but does no damage.
Terence is severely wounded.
Terence completely misses you.
You shoot an arrow. The arrow barely misses Terence.
Terence completely misses you.
You shoot an arrow. The arrow barely misses Terence.
Terence closely misses you. Terence misses you.
You shoot an arrow. The arrow hits Terence.
Terence is severely wounded.
Terence barely misses you.
You shoot an arrow.
The arrow hits Terence but does no damage.
Terence is severely wounded.
Terence hits you with a +0 flail.
You die...

##...
+....
####. #.
#. #.
#######..
#.
#.@....#
#. #@# #.
#.# #####.
#.#
........
#.#
########
#.# ....##
#.#
######...#
#.#
#........#
#.# #.#
#..... #.#
#.###....#


You could see Terence.

Vanquished Creatures
  3 endoplasms (D:1)
  A giant cockroach (D:1)
  3 goblins
  7 hobgoblins (D:1)
  3 jackals (D:1)
  A quokka (D:1)
  3 ball pythons (D:1)
  4 bats (D:1)
  4 frilled lizards (D:1)
  4 kobolds (D:1)
  5 rats
38 creatures vanquished.

Notes
Turn   | Place    | Note
-------+----------+-------------------------------------------
     0 | D:1      | qw the Deep Elf Hunter began the quest for the Orb.
     0 | D:1      | Reached XP level 1. HP: 12/12 MP: 3/3
     0 | D:1      | 0 ||| qw: Version: 0.3-a-9-g12657ce
     0 | D:1      | 0 ||| qw: Game counter: 3129
     0 | D:1      | 0 ||| qw: Always use a shield: true
     0 | D:1      | 0 ||| qw: God list: Okawaru
     0 | D:1      | 0 ||| qw: Allow faded altars: false
     0 | D:1      | 0 ||| qw: Do Orc after D:15 true
     0 | D:1      | 0 ||| qw: Do second Lair branch before Depths: true
     0 | D:1      | 0 ||| qw: Lair rune preference: random
     0 | D:1      | 0 ||| qw: Plans: Normal
     0 | D:1      | 0 ||| PLANNING D:1-11
    35 | D:1      | Found Rutoag Lido's Magic Scroll Emporium.
    53 | D:1      | 53 ||| SHOPLISTING scroll of enchant weapon (75 gold, have
                  | 0).
    53 | D:1      | 53 ||| SHOPLISTING scroll of identify (20 gold, have 0).
    53 | D:1      | 53 ||| SHOPLISTING scroll of teleportation (30 gold, have
                  | 0).
    81 | D:1      | Found Jistruem's Assorted Antiques.
    90 | D:1      | 90 ||| SHOPLISTING notched tourmaline ring (140 gold, have
                  | 0).
    90 | D:1      | 90 ||| SHOPLISTING scroll labelled DACOSK EBEI (28 gold,
                  | have 0).
    90 | D:1      | 90 ||| SHOPLISTING scroll labelled HARA BOIZAOKK (28 gold,
                  | have 0).
    90 | D:1      | 90 ||| SHOPLISTING scroll labelled SAOKOTH KAEWK (28 gold,
                  | have 0).
   156 | D:1      | Reached skill level 6 in Ranged Weapons
   156 | D:1      | Reached XP level 2. HP: 16/16 MP: 4/4
   169 | D:1      | Found Wiecva Ymamm's Distillery.
   186 | D:1      | 186 ||| SHOPLISTING potion of curing (39 gold, have 33).
   186 | D:1      | 186 ||| SHOPLISTING potion of enlightenment (65 gold, have
                  | 33).
   186 | D:1      | 186 ||| SHOPLISTING potion of haste (130 gold, have 33).
   186 | D:1      | 186 ||| SHOPLISTING potion of heal wounds (65 gold, have
                  | 33).
   186 | D:1      | 186 ||| SHOPLISTING potion of might (52 gold, have 33).
   338 | D:1      | Found Duicaijo's Weapon Shop.
   362 | D:1      | Reached XP level 3. HP: 20/20 MP: 5/5
   434 | D:1      | Found Yjyfferi's Weapon Emporium.
   482 | D:1      | 482 ||| UPGRADING to ring of protection from fire.
   483 | D:1      | 483 ||| UPGRADING to +5 ring of evasion.
   484 | D:1      | 484 ||| READING 2 scrolls labelled HARA BOIZAOKK.
   485 | D:1      | 485 ||| READING scroll labelled INEUPN XEOTAD.
   486 | D:1      | 486 ||| DROPPING scroll of butterflies.
   591 | D:2      | Noticed Terence
   601 | D:2      | HP: 5/20 [Terence/+0 flail (2)]
   606 | D:2      | HP: 4/20 [Terence/+0 flail (2)]
   613 | D:2      | Slain by Terence

Levels and vault maps discovered:
D:1:      erik_arrival_blinker_ship, layout_rooms, serial_shops, shop, shop,
          shop, shop, shop_fountains
D:2:      layout_basic, uniq_terence

Skill      XL: |  1 |
---------------+----+-----
Ranged Weapons | 6 |  6.9
Fighting       | |  1.5
Dodging        | |  2.4
Stealth        | |  1.2

Action                     || total
---------------------------++-------
   Fire: Shortbow          ||   132
    Use: Scroll            ||     2
 Armour: Leather armour    ||     7
  Dodge: Dodged            ||    37

Table legend:
 A = Non-vault XP
 B = Vault XP
 C = Vault XP percentage of total XP
 D = Non-vault monster count
 E = Vault monster count
 F = Vault count percentage of total count
                 A         B        C        D         E       F
            +---------+---------+-------+---------+---------+-------
      Total |      58 |       0 |   0.0 |      38 |       0 |   0.0
            +---------+---------+-------+---------+---------+-------
        D:1 |      55 |       0 |   0.0 |      36 |       0 |   0.0
        D:2 |       3 |       0 |   0.0 |       2 |       0 |   0.0
            +---------+---------+-------+---------+---------+-------
